 Dungeon Crawl Stone Soup version 0.24-a0-496-gbe733cd003 (webtiles) character file.

Game seed: 2965504570534325215

2578 Bapho the Carver (level 9, -8/69 HPs)
             Began as a Human Monk on July 13, 2019.
             Was the Champion of Zin.
             Splashed by an acid dragon's acid (14 damage)
             ... on level 7 of the Dungeon.
             The game lasted 00:18:32 (9845 turns).

Bapho the Carver (Human Monk)                       Turns: 9845, Time: 00:18:33

Health: -8/69      AC: -3    Str: 14    XL:     9   Next: 88%
Magic:  12/12      EV: 14    Int: 10    God:    Zin [******]
Gold:   499        SH:  0    Dex: 19    Spells: 8/8 levels left

rFire    . . .     SeeInvis .   a - +0 great sword
rCold    . . .     Gourm    .   (shield currently unavailable)
rNeg     . . .     Faith    .   m - +0 ring mail {rPois}
rPois    +         Spirit   .   (no helmet)
rElec    .         Reflect  .   q - +0 cloak
rCorr    .         Harm     .   o - +0 pair of gloves
MR       .....                  n - +0 pair of boots
Stlth    ++........             (no amulet)
HPRegen  0.21/turn              v - +2 ring of strength
MPRegen  0.13/turn              (no ring)

@: corroded
A: no striking features
a: Recite, Vitalisation, Imprison, Sanctuary, Donate Gold, Renounce Religion


You were on level 7 of the Dungeon.
You worshipped Zin.
Zin was exalted by your worship.
You were not hungry.

You visited 2 branches of the dungeon, and saw 8 of its levels.
You also visited: Ossuary.

You collected 660 gold pieces.
You donated 161 gold pieces to Zin.

Inventory:

Hand Weapons
 a - a +0 great sword (weapon)
 b - a +0 shortbow
 u - a +0 falchion
Missiles
 e - 46 arrows
 h - 160 stones (quivered)
Armour
 d - a +0 ring mail
 k - a scarf of spirit shield
 m - a +0 ring mail of poison resistance (worn)
 n - a +0 pair of boots (worn)
 o - a +0 pair of gloves (worn)
 q - a +0 cloak (worn)
 t - a +2 ring mail of fire resistance
 y - a +0 robe
 A - a scarf of repulsion
Jewellery
 v - a +2 ring of strength (left hand)
Wands
 E - a wand of enslavement (8)
Scrolls
 f - a scroll of remove curse
 g - 7 scrolls of teleportation
 i - a scroll of fear
 j - 2 scrolls of magic mapping
 l - 3 scrolls of enchant weapon
 x - a scroll of identify
Potions
 p - 6 potions of curing
 r - a potion of agility
 s - a potion of might
 w - 2 potions of heal wounds
 z - a potion of ambrosia
 B - 4 potions of brilliance
 C - 2 potions of lignification {unknown}
 D - a potion of invisibility {unknown}
Comestibles
 c - 17 rations


   Skills:
 + Level 6.1 Fighting
 * Level 9.9 Long Blades
 + Level 2.8 Armour
 - Level 5.2 Dodging
 - Level 2.0 Stealth
 - Level 4.0 Invocations


You had 8 spell levels left.
You didn't know any spells.
Your spell library was empty.

Dungeon Overview and Level Annotations

Branches:
Dungeon (7/15)             Temple (1/1) D:4

Altars:
Ashenzari
Cheibriados
Dithmenos
Elyvilon
Fedhas
Gozag
Hepliaklqana
Kikubaaqudgha
Makhleb
Nemelex Xobeh
Okawaru
Qazlal
Ru
Sif Muna
Trog
Uskayaw
Vehumet
Wu Jian
Yredelemnul
Zin
The Shining One

Annotations:
D:3 2 runed translucent doors, Murumi's ghost, amateur FoFi


Message History

The acid dragon misses you. The acid dragon claws you.
The acid dragon barely misses you.
You riposte.
You closely miss the acid dragon.
The acid dragon is moderately wounded.
The acid dragon claws you.
You hit the acid dragon but do no damage.
The acid dragon is moderately wounded.
The acid dragon closely misses you. The acid dragon barely misses you.
You barely miss the acid dragon.
The acid dragon is moderately wounded.
The acid dragon bites you!
* * * LOW HITPOINT WARNING * * *
The acid dragon closely misses you.
You hit the acid dragon but do no damage.
The acid dragon is moderately wounded.
The acid dragon spits acid at you. The splash of acid hits you!
* * * LOW HITPOINT WARNING * * *
The acid corrodes you!
You are splashed with acid!
You die...

### ##### *
#######.###########.#.######**
#.).)...(.)o..)D............,,
###.#####)##########.........#**
#...# #.##<.(@D.............,*
##.### ###D###########.#.####..,,
...# #.......................,,
...# #.....########..#.####.***
...###*#.....# ##..#.###*,* *
.......#.....# ####.........,* *
...........>#####...........#,* *
.......###..###..........##.#,***
.............................,,,,


You could see an acid dragon.

Vanquished Creatures
  Sigmund (D:2)
  A hungry ghost (D:7)
  Edmund (D:6)
  Duvessa (D:6)
  An orc warrior (D:7)
  2 sky beasts (D:7)
  A black bear (D:6)
  3 ogres
  A centaur (D:5)
  An elf zombie (D:7)
  Blork the orc (D:5)
  A bullfrog (D:1)
  2 elf skeletons (D:7)
  A scorpion (D:6)
  Dowan (D:6)
  2 crimson imps
  4 hounds
  2 jellies
  3 orc priests
  A human skeleton (D:7)
  An iguana (D:6)
  3 orc wizards
  4 worker ants
  A big kobold zombie (Ossuary)
  A hound skeleton (D:4)
  8 mummies (Ossuary)
  A worker ant zombie (D:6)
  2 gnolls (D:5)
  11 adders
  A shadow imp (D:7)
  An ooze (D:7)
  An adder skeleton (D:4)
  3 worms
  2 dart slugs (D:1)
  4 leopard geckos
  29 orcs
  5 ball pythons
  5 giant cockroaches
  15 goblins
  9 hobgoblins
  2 jackals (D:1)
  3 quokkas
  5 bats
  6 frilled lizards
  A gnoll zombie (Ossuary)
  A hobgoblin zombie (Ossuary)
  13 kobolds
  A kobold zombie (Ossuary)
  An orc skeleton (D:7)
  5 orc zombies
  A quokka skeleton (D:4)
  9 rats
186 creatures vanquished.

Notes
Turn   | Place    | Note
-------+----------+-------------------------------------------
     0 | D:1      | Bapho the Human Monk began the quest for the Orb.
     0 | D:1      | Reached XP level 1. HP: 18/18 MP: 1/1
   114 | D:1      | Reached XP level 2. HP: 17/24 MP: 2/2
   850 | D:1      | Reached XP level 3. HP: 29/29 MP: 3/3
  1324 | D:2      | Found a deep blue altar of Sif Muna.
  1326 | D:2      | Found a stormy altar of Qazlal.
  1347 | D:2      | Noticed a bullfrog
  1388 | D:1      | Killed a bullfrog
  1388 | D:1      | Reached skill level 4 in Long Blades
  1388 | D:1      | Reached XP level 4. HP: 6/36 MP: 4/4
  1823 | D:2      | Reached XP level 5. HP: 40/41 MP: 5/5
  2161 | D:2      | Noticed Sigmund
  2173 | D:2      | Killed Sigmund
  2173 | D:2      | Reached skill level 5 in Long Blades
  2173 | D:2      | Reached XP level 6. HP: 31/48 MP: 3/6
  2487 | D:2      | Found a faded altar of an unknown god.
  2903 | D:3      | Found a large runed translucent door.
  2903 | D:3      | Found a large runed translucent door.
  3026 | D:3      | Noticed Murumi's ghost (amateur FoFi)
  3259 | D:3      | Reached XP level 7. HP: 22/55 MP: 7/7
  4017 | D:4      | Found a staircase to the Ecumenical Temple.
  4258 | D:3      | Reached skill level 6 in Long Blades
  4475 | Temple   | Entered the Ecumenical Temple
  4551 | Temple   | Became a worshipper of Zin the Law-Giver
  4551 | Temple   | Reached * piety under Zin
  4551 | Temple   | Reached ** piety under Zin
  4972 | D:4      | Reached skill level 5 in Fighting
  4972 | D:4      | Reached skill level 5 in Dodging
  4990 | D:4      | Reached XP level 8. HP: 43/62 MP: 8/8
  5095 | D:4      | Donated 95 gold pieces to Zin
  5117 | D:4      | Reached *** piety under Zin
  5890 | D:5      | Entered Level 5 of the Dungeon
  5960 | D:5      | Noticed Blork the orc
  5968 | D:5      | Killed Blork the orc
  5968 | D:5      | Reached skill level 7 in Long Blades
  5993 | D:5      | Reached skill level 1 in Invocations
  6270 | D:5      | Found a glowing golden altar of the Shining One.
  7089 | D:5      | Reached **** piety under Zin
  7277 | D:6      | Noticed Dowan
  7299 | D:6      | Killed Dowan
  7303 | D:6      | Noticed Duvessa
  7329 | D:6      | Killed Duvessa
  7554 | D:6      | Reached skill level 8 in Long Blades
  7710 | D:6      | Found a blossoming altar of Fedhas.
  7717 | D:6      | Found an ornate altar of the Wu Jian Council.
  7858 | D:6      | Noticed Edmund
  7882 | D:6      | Killed Edmund
  7882 | D:6      | Reached XP level 9. HP: 41/68 MP: 11/11
  8016 | D:6      | Found a hide-covered altar of Uskayaw.
  8271 | D:7      | Found a sand-covered staircase.
  8280 | Ossuary  | Entered an ossuary
  8321 | Ossuary  | Reached skill level 9 in Long Blades
  8362 | Ossuary  | Reached skill level 1 in Armour
  8637 | Ossuary  | Reached ***** piety under Zin
  8843 | D:7      | Reached ****** piety under Zin
  9845 | D:7      | Splashed by an acid dragon's acid

Levels and vault maps discovered:
D:1:      lemuel_arrival_behind_the_door_large, layout_basic
D:2:      layout_loops_ring, grunt_temple_overflow_open,
          chequers_ecumenical_altar_twisty, minmay_misc_feat_tower, uniq_sigmund
D:3:      layout_rooms, ebering_ghost_disaster_area
D:4:      layout_gridville, minmay_temple_entry_glass
D:5:      corexii_shantytown, layout_basic, lemuel_coloured_pillars_altar,
          first_ration, lemuel_flamethrower_2, uniq_blork_the_orc
D:6:      black_bear_nest_2, layout_basic, lemuel_round_altar, minitemple,
          uniq_edmund, uniq_duvessa
D:7:      minmay_the_grid_plus_closed [minmay_the_grid_dragon_b,
          minmay_the_grid_all_tris, minmay_the_grid_box_x,
          minmay_the_grid_spin_star, minmay_the_grid_prize_shrinking_boxes],
          layout_basic, nicolae_ossuary_entry_catacombs
Temple:   regret_index_temple_generic_petals

Skill      XL: |  1  2  3  4  5  6  7  8  9 |
---------------+----------------------------+-----
Long Blades    | 4 5 6 8 9 |  9.9
Fighting       | 4 5 6 |  6.1
Dodging        | 4 5 |  5.2
Invocations    | 3 4 |  4.0
Armour         | 2 |  2.8
Stealth        | |  2.0

Action                   |  1- 3 |  4- 6 |  7- 9 || total
-------------------------+-------+-------+-------++-------
Melee: Falchion          |    62 |   159 |    85 ||   306
       Great sword       |       |       |   332 ||   332
 Fire: Shortbow          |       |       |    20 ||    20
Throw: Stone             |    37 |    80 |   161 ||   278
Invok: Recite            |       |       |     2 ||     2
       Donate Gold       |       |       |     1 ||     1
       Vitalisation      |       |       |     1 ||     1
  Use: Potion            |     1 |     3 |     2 ||     6
       Scroll            |       |     2 |     9 ||    11
 Stab: Distracted        |       |       |     1 ||     1
       Sleeping          |       |       |     1 ||     1
  Eat: Chunk             |     1 |     7 |    12 ||    20
       Ration            |       |       |     4 ||     4
Armor: Robe              |     6 |       |       ||     6
       Ring mail         |    21 |    64 |   141 ||   226
Dodge: Dodged            |    43 |   110 |   291 ||   444
       Rpst.: Falchion   |    15 |    37 |    13 ||    65
       Great sword       |       |       |    74 ||    74

Table legend:
 A = Non-vault XP
 B = Vault XP
 C = Vault XP percentage of total XP
 D = Non-vault monster count
 E = Vault monster count
 F = Vault count percentage of total count
                 A         B        C        D         E       F
            +---------+---------+-------+---------+---------+-------
      Total |    1796 |    1887 |  51.2 |     125 |      61 |  32.8
            +---------+---------+-------+---------+---------+-------
        D:1 |     118 |       0 |   0.0 |      20 |       0 |   0.0
        D:2 |     103 |     208 |  66.9 |      36 |       1 |   2.7
        D:3 |     323 |       0 |   0.0 |      26 |       0 |   0.0
        D:4 |     414 |       0 |   0.0 |      22 |       0 |   0.0
        D:5 |     207 |     165 |  44.4 |       4 |      27 |  87.1
        D:6 |     167 |     541 |  76.4 |       6 |       5 |  45.5
        D:7 |     464 |     795 |  63.1 |      11 |      12 |  52.2
    Ossuary |       0 |     178 | 100.0 |       0 |      16 | 100.0
            +---------+---------+-------+---------+---------+-------
